Map: [ESL] Alcyone

Players

Reynor - Winner!

  • Race: Zerg Zerg
  • Spawn Location: 1:00

Wayne

  • Race: Zerg Zerg
  • Spawn Location: 7:00

Event: ESL SC2 Masters 2024 Spring (Regional)

VOD

Have the link to the VOD?

Description

Time

  • Played on: May 3, 2024, 9:38 a.m.
  • Length: 7:29

All games in this series

Show
View Real Time Build Order
Export as new Build Order

Reynor Zerg - Winner!

Build Orders: Hatch First 

Get SALT Encoding   

  12  0:00  Drone  
  13  0:12  Overlord  
  13  0:17  Drone  
  14  0:30  Drone x2  
  16  0:47  Hatchery  
  15  0:51  Drone  
  15  0:54  Drone  
  17  0:58  Drone  
  18  1:09  Extractor  
  17  1:13  Spawning Pool  
  17  1:16  Drone  
  17  1:20  Drone  
  18  1:27  Drone  
  19  1:38  Drone  
  20  1:49  Drone  
  21  1:59  Overlord  
  21  2:00  Queen x2  
  26  2:01  Zergling x2  
  26  2:09  Metabolic Boost  
  26  2:10  Drone  
  26  2:11  Drone  
  28  2:21  Zergling x2  
  28  2:22  Drone  
  30  2:33  Hatchery  
  30  2:35  Drone  
  30  2:38  Drone  
  31  2:44  Baneling Nest  
  31  2:45  Drone  
  31  2:48  Drone  
  32  2:54  Overlord  
  32  2:56  Drone  
  33  3:03  Queen  
  33  3:05  Drone  
  36  3:13  Zergling x4, Drone x2  
  36  3:17  Drone  
  41  3:20  Overlord  
  41  3:23  Drone  
  41  3:26  Drone x2  
  44  3:31  Baneling  
  44  3:37  Roach Warren, Drone  
  44  3:39  Drone  
  45  3:42  Drone x2  
  45  3:45  Overlord  
  45  3:48  Zergling x4  
  49  3:51  Drone  
  49  3:55  Drone  
  51  3:57  Extractor  
  51  3:58  Drone  
  51  3:59  Drone  
  51  4:00  Baneling  
  52  4:04  Overlord  
  52  4:07  Drone  
  53  4:11  Drone  
  53  4:15  Drone  
  53  4:16  Drone x2  
  57  4:19  Overlord, Drone  
  58  4:25  Roach x5  
  58  4:29  Roach x2  
  72  4:35  Overlord  
  72  4:36  Roach  
  72  4:38  Overlord  
  73  4:43  Roach  
  73  4:44  Roach x2  
  73  4:45  Zergling x4  
  81  4:48  Zergling x2  
  81  4:51  Overlord  
  82  4:54  Zergling x2  
  82  4:55  Zergling x6  
  82  4:57  Baneling x4  
  82  4:58  Baneling  
  82  4:59  Zergling x2  
  87  5:02  Zergling x4  
  87  5:05  Overlord  
  89  5:09  Zergling x4  
  89  5:16  Overlord  
  89  5:18  Zergling x6  
  85  5:23  Zergling x14  
  85  5:24  Zergling x2  
  89  5:29  Ravager x2  
  89  5:32  Zergling x4  
  89  5:34  Roach  
  90  5:42  Roach x2  
  86  5:46  Roach  
  87  5:52  Overlord  
  87  5:53  Roach  
  87  5:56  Roach  
  91  6:04  Roach x3  
  97  6:05  Roach x3, Zergling x10  
  97  6:07  Overlord  
  108  6:18  Ravager  
  109  6:19  Roach, Zergling x4  
  109  6:24  Extractor  
  112  6:29  Roach x2, Overlord  
  116  6:33  Zergling x12  
  116  6:35  Overlord  
  116  6:36  Zergling x4  
  124  6:41  Zergling x4  
  124  6:43  Zergling x2  
  124  6:45  Ravager  
  128  6:51  Zergling x4  
  128  6:53  Overlord  
  130  7:00  Roach  
  131  7:05  Zergling x2  
  131  7:06  Zergling x16  
  131  7:07  Roach  
  127  7:11  Zergling x2  
  115  7:17  Ravager  
  116  7:26  Ravager  
Show
View Real Time Build Order
Export as new Build Order

Wayne Zerg 

Build Orders: Hatch First 

Get SALT Encoding   

  12  0:00  Drone  
  13  0:12  Overlord  
  13  0:16  Drone  
  14  0:30  Drone x2  
  16  0:48  Hatchery  
  15  0:50  Drone  
  15  0:53  Drone  
  15  0:57  Drone  
  18  1:07  Extractor  
  17  1:12  Spawning Pool  
  17  1:14  Drone  
  17  1:18  Drone  
  18  1:27  Drone  
  19  1:40  Drone  
  20  1:48  Drone  
  21  1:59  Queen x2  
  21  2:00  Zergling x2  
  21  2:01  Overlord  
  26  2:07  Metabolic Boost  
  26  2:10  Drone  
  26  2:11  Drone  
  28  2:21  Zergling x2, Drone  
  30  2:31  Hatchery  
  30  2:35  Zergling x2  
  30  2:36  Drone  
  31  2:42  Drone  
  32  2:47  Baneling Nest, Drone  
  31  2:54  Overlord  
  31  2:55  Drone  
  32  3:07  Drone  
  32  3:08  Drone x2  
  35  3:14  Zergling x6  
  35  3:15  Overlord, Drone  
  39  3:21  Queen  
  39  3:23  Drone  
  39  3:25  Drone  
  43  3:31  Roach Warren  
  43  3:32  Drone  
  43  3:34  Drone  
  43  3:39  Drone x2  
  46  3:42  Drone x2  
  46  3:44  Drone  
  46  3:47  Baneling  
  46  3:48  Drone  
  50  3:52  Overlord  
  50  3:55  Overlord  
  50  3:56  Extractor  
  50  4:01  Drone x3  
  52  4:07  Drone x3  
  55  4:13  Drone  
  55  4:18  Lair  
  55  4:19  Drone x4, Extractor  
  55  4:21  Drone  
  59  4:26  Drone x2  
  61  4:35  Overlord, Drone  
  61  4:37  Overlord  
  62  4:39  Roach x2  
  66  4:46  Overlord  
  66  4:48  Roach  
  66  4:49  Roach x3  
  66  4:52  Overlord  
  74  4:54  Spine Crawler, Baneling  
  74  4:55  Baneling  
  74  4:56  Roach x2  
  74  4:59  Roach x2  
  80  5:02  Roach  
  80  5:04  Roach  
  84  5:09  Overlord  
  84  5:10  Roach x2  
  88  5:16  Roach x3  
  88  5:18  Overlord  
  88  5:20  Overlord  
  91  5:23  Roach  
  91  5:27  Overlord  
  87  5:30  Roach x2  
  83  5:40  Roach x5  
  85  5:43  Roach  
  85  5:49  Queen x2  
  87  5:53  Drone x3  
  92  5:57  Extractor  
  92  5:58  Drone, Extractor  
  92  5:59  Extractor  
  92  6:02  Drone  
  92  6:03  Glial Reconstitution  
  91  6:08  Overseer, Evolution Chamber  
  91  6:10  Drone x2  
  92  6:15  Drone x2  
  94  6:19  Roach x3  
  100  6:25  Overlord  
  100  6:28  Overlord  
  100  6:29  Roach x3  
  106  6:34  Roach  
  106  6:35  Spine Crawler  
  106  6:38  Roach  
  106  6:39  Roach  
  111  6:42  Spine Crawler  
  111  6:43  Roach  
  111  6:46  Roach  
  114  6:48  Ravager  
  114  6:49  Roach  
  114  6:51  Overlord  
  114  6:54  Overlord  
  117  6:55  Roach x2  
  117  6:58  Overlord  
  117  7:01  Overlord  
  121  7:07  Roach  
  121  7:08  Roach x3  
Tags
 
Add a new tag
Caveats
  • Supply blocks, unpowered buildings, or Contaminate may cause inaccurate times.
  • Supply counts are checked every 10 seconds.